 Seeded DCSS version 0.30-a0-953-g5f1da4a474 (webtiles) character file.

Game seed: 2795554834527330743 (custom seed)

93 mistaj the Slasher (level 4, -5/34 HPs)
             Began as a Demonspawn Gladiator on Mar 29, 2023.
             Slain by Crazy Yiuf
             ... wielding a +4 quarterstaff of chaos
              (11 damage)
             ... on level 2 of the Dungeon.
             The game lasted 00:02:12 (1474 turns).

mistaj the Slasher (Demonspawn Gladiator)           Turns: 1474, Time: 00:02:13

Health: -5/34      AC:  6    Str: 17    XL:     4   Next: 36%
Magic:  4/4        EV: 11    Int:  9    God:
Gold:   82         SH:  0    Dex: 14    Spells: 3/3 levels left

rFire   . . .      SeeInvis .    a - +0 long sword
rCold   . . .      Faith    .    (no shield)
rNeg    . . .      Spirit   .    m - +0 ring mail
rPois   .          Reflect  .    c - +0 helmet
rElec   .          Rampage  .    (no cloak)
rCorr   .                        (no gloves)
Will    .....                    (no boots)
Stlth   +                        (no amulet)
HPRegen 0.25/turn                (no ring)
MPRegen 0.09/turn                (no ring)

@: lethally poisoned (-5 -> -18)
A: hooves 1, ignite blood 1, spiny 1
a: no special abilities


You were on level 2 of the Dungeon.
You visited 1 branch of the dungeon, and saw 2 of its levels.

You collected 82 gold pieces.

Inventory:

Hand Weapons
 a - a +0 long sword (weapon)
Missiles
 d - 3 throwing nets (quivered)
 e - a javelin
Armour
 c - a +0 helmet (worn)
 m - a +0 ring mail (worn)
Scrolls
 f - a scroll of teleportation {unknown}
 g - 3 scrolls of identify {unknown}
 h - a scroll of immolation {unknown}
 k - a scroll of vulnerability {unknown}
 n - a scroll of amnesia {unknown}
Potions
 b - a potion of magic {unknown}
 i - a potion of berserk rage {unknown}
 j - a potion of heal wounds {unknown}
 l - a potion of degeneration {unknown}


   Skills:
 + Level 2.9 Fighting
 + Level 3.3 Long Blades
 + Level 2.6 Throwing
 + Level 3.3 Dodging


You had 3 spell levels left.
You didn't know any spells.
Your spell library was empty.

Dungeon Overview and Level Annotations

Branches:
Dungeon (2/15)

Altars:
Xom

Shops:
D:1 (   D:2 ::[(*

Annotations:
D:2 Crazy Yiuf


Innate Abilities, Weirdness & Mutations

You have large cloven feet.
Your demonic aura sometimes causes spilled blood to erupt in flames.
You are partially covered in sharp spines.


Message History

a +0 whip; 5 stones You see here a +0 leather armour.
Found a stone staircase leading down.
Found Owas's Book Emporium.
There is an entrance to Owas's Book Emporium here.
n - a scroll labelled FOBIOJ BATOE A kobold comes into view.
It is wielding a +0 club.
The kobold shouts!
A kobold is nearby!
The kobold is struck by your spines.
You kill the kobold!
No target in view!
No target in view!
No target in view!
Things that are here:
a +0 club; a kobold corpse
Things that are here:
a +0 club; a kobold corpse Crazy Yiuf shouts!
Could not explore, unopened runed door.
You open the door.
Crazy Yiuf says, "Hack!
Gnoll down sing."
You hit Crazy Yiuf but do no damage. Your kick misses Crazy Yiuf.
Crazy Yiuf hits you with a +4 quarterstaff of chaos!
Crazy Yiuf burns you.
You hit Crazy Yiuf but do no damage. You kick Crazy Yiuf.
Crazy Yiuf is lightly wounded.
Crazy Yiuf is struck by your spines. Crazy Yiuf closely misses you.
You closely miss Crazy Yiuf. You kick Crazy Yiuf.
Crazy Yiuf is severely wounded.
Crazy Yiuf is struck by your spines.
Crazy Yiuf hits you with a +4 quarterstaff of chaos!
You are lethally poisoned!
You barely miss Crazy Yiuf. You kick Crazy Yiuf.
Crazy Yiuf is severely wounded.
* * * LOW HITPOINT WARNING * * *
You feel very sick. Crazy Yiuf is struck by your spines.
Crazy Yiuf hits you with a +4 quarterstaff of chaos!
You die...

######## .......##### ###
........+..## ###..)# ######
............####@g...# #..†>#
.##.##.......#..##...# ####.#
........+...#.### ### #.#
.##....######## #.# .#.....##
#.# .#..##..########### #.#
......<..#........# ######.#
.#..##...#........# ##....#.#
....##...#..#.#...###..##...##


You could see Crazy Yiuf.

Vanquished Creatures
  6 adders (D:2)
  A dart slug (D:2)
  A bat (D:1)
  2 endoplasms
  5 giant cockroaches
  3 hobgoblins
  7 kobolds
  8 ball pythons
  6 rats
39 creatures vanquished.

Vanquished Creatures (others)
  A fungus (D:2)
1 creature vanquished.

Grand Total: 40 creatures vanquished

Notes
Turn   | Place    | Note
-------+----------+-------------------------------------------
     0 | D:1      | mistaj the Demonspawn Gladiator began the quest for the
                  | Orb.
     0 | D:1      | Reached XP level 1. HP: 16/16 MP: 1/1
   193 | D:1      | Found Rerru's Weapon Shoppe.
   203 | D:1      | Gained mutation: You have large cloven feet. [demonic
                  | ancestry]
   203 | D:1      | Reached XP level 2. HP: 21/22 MP: 2/2
   728 | D:2      | Found a runed translucent door.
   729 | D:2      | Noticed Crazy Yiuf
   753 | D:2      | Found Hodghagut's Weapon Shoppe.
   754 | D:2      | Found Cebuxiuv's Antique Armour Shop.
   778 | D:2      | Gained mutation: Your demonic aura sometimes causes spilled
                  | blood to erupt in flames. [demonic ancestry]
   778 | D:2      | Reached XP level 3. HP: 27/28 MP: 3/3
   787 | D:2      | Found a shimmering altar of Xom.
   847 | D:2      | Found Saetipp's Book Emporium.
   962 | D:2      | Found Kiunotsa's General Store.
   996 | D:2      | Found a faded altar of an unknown god.
  1033 | D:2      | Gained mutation: You are partially covered in sharp spines.
                  | [demonic ancestry]
  1033 | D:2      | Reached XP level 4. HP: 27/34 MP: 4/4
  1352 | D:2      | Found Owas's Book Emporium.
  1474 | D:2      | Slain by Crazy Yiuf

Illustrated notes

Levels and vault maps discovered:
D:1:      zelgadis_glass_arrival_large, layout_basic, serial_shops,
          nicolae_shop_bloodbath_and_beyond
D:2:      layout_basic, serial_shops, nicolae_shop_stone, nicolae_shop_crystal,
          nicolae_lakefront_shop, shop, nicolae_shop_behind_doors, basic_altar,
          shapermc_ecumenical_altar_gd, chequers_serial_rivers_micro_d,
          st_stairs_12, serial_park_tiny_1, grunt_decor_cap, serial_park_tiny_1,
          hangedman_decor_growths, reono_crystal_passage, serial_bayou_pond_d,
          uniq_crazy_yiuf_cottage

Skill      XL: |  1  2 |
---------------+-------+-----
Throwing       | 2 |  2.6
Long Blades    | 3 |  3.3
Dodging        | 3 |  3.3
Fighting       | |  2.9

Action                     |  1- 3 |  4- 6 || total
---------------------------+-------+-------++-------
  Melee: Long sword        |    73 |    15 ||    88
         Kick              |    10 |     6 ||    16
 Armour: Leather armour    |    13 |       ||    13
         Ring mail         |    15 |     2 ||    17
  Dodge: Dodged            |    45 |     5 ||    50

Table legend: (Time is in decaauts)
 A = Elapsed time spent in this place.
 B = Non-inter-level travel time spent in this place.
 C = Inter-level travel time spent in this place.
 D = Time resting spent in this place.
 E = Time spent auto-exploring this place.
 F = Levels seen in this place.
 G = Mean time per level.
                   A        B        C        D        E       F      G
               +--------+--------+--------+--------+--------+-----+--------+
         Total |   1495 |   1456 |     39 |     79 |   1055 |   2 |  747.5 |
       Dungeon |   1495 |   1456 |     39 |     79 |   1055 |   2 |  747.5 |
               +--------+--------+--------+--------+--------+-----+--------+

Top non-repeatable levels by time:
     D:2: 775 daAuts
     D:1: 720 daAuts
